 Dungeon Sprint DCSS version 0.31-a0-210-gccc998df9b (webtiles) character file.

Game seed: 10575598676261625671

1600000 123456 the Wrestler (level 14, -56/138 HPs)
             Began as an Armataur Gladiator on June 29, 2023.
             Was a Believer of Makhleb.
             Annihilated by a large bag of meat
             ... wielding a +9 giant spiked club
              (99 damage)
             ... in the Dungeon (Sprint VIII: "Arena of Blood").
             The game lasted 00:00:19 (16 turns).

123456 the Wrestler (Armataur Gladiator)              Turns: 16, Time: 00:00:20

Health: -56/138    AC:  5    Str: 21    XL:     14   Next: 9%
Magic:  14/14      EV: 19    Int:  8    God:    Makhleb [**....]
Gold:   0          SH:  0    Dex: 16    Spells: 13/13 levels left

rFire   . . .        k - +∞ Axe of Woe
rCold   . . .        (shield currently unavailable)
rNeg    . . .        a - +0 leather armour
rPois   .            b - +0 helmet
rElec   .            (no cloak)
rCorr   .            (no gloves)
SInv    .            (no barding)
Will    +....        (no amulet)
Stlth   +            (no ring)
HPRegen 0.43/turn    (no ring)
MPRegen 0.14/turn

%: no teleportation, roll
@: no status effects
A: large, rugged brown scales 3, deformed body, armoured tail, roll, long
tongue, awkward tongue
a: Renounce Religion, Minor Destruction


You were in the Dungeon.
You worshipped Makhleb.
Makhleb was pleased with you.
You visited 1 branch

Inventory:

Hand Weapons
 k - the +∞ Axe of Woe (weapon)
   (You found it in the Dungeon)
Missiles
 c - 3 throwing nets (quivered)
 d - a javelin
Armour
 a - a +0 leather armour (worn)
 b - a +0 helmet (worn)
Jewellery
 l - a +30 ring of slaying
 m - a +30 ring of slaying
 n - a +30 ring of slaying
Scrolls
 j - a scroll of blinking
Potions
 e - a potion of curing
 f - a potion of heal wounds
 g - a potion of haste
 h - 2 potions of magic
 i - a potion of berserk rage


   Skills:
 + Level 13.3 Fighting
 + Level 10.1 Axes
 + Level 12.3 Throwing
 + Level 18.5 Dodging
 + Level 21.2 Unarmed Combat


You had 13 spell levels left.
You didn't know any spells.
Your spell library was empty.

Dungeon Overview and Level Annotations

Branches:
Dungeon (1/1)

Altars:
Makhleb


Innate Abilities, Weirdness & Mutations

You are completely covered in rugged brown scales. (AC +3, +7% HP)
Armour fits poorly on your strangely shaped body.
You have a long armoured tail.
You roll when moving toward enemies. (Rampage)
Your long tongue fully drains potion bottles. (2x potion effects)
Your tongue gives you trouble enunciating. (1.5x scroll delay)


Message History

Your Unarmed Combat skill increases to level 21!
You have reached level 14!
Unknown command.
You hear a shout! x10
l - a +30 ring of slaying;
m - a +30 ring of slaying;
n - a +30 ring of slaying
Items here: ))) †.
The meat berserker appears out of thin air!
A meat berserker comes into view. It is wielding a +9 battleaxe.
The meat berserker shouts!
You hear a shout! x7
A large bag of meat comes into view. It is wielding a +9 giant spiked club.
You hear a shout! x5
A meat berserker comes into view. It is wielding a +9 battleaxe.
Unknown command.
You roll towards the meat berserker!
A bag of meat comes into view. It is wielding a +9 war axe.
The large bag of meat shouts in stereo!
The bag of meat shouts!
You hear a shout! x7
A bag of meat comes into view. It is wielding a +9 war axe.
You hear a shout! x2
A bag of meat comes into view. It is wielding a +9 war axe. x2
You hear a shout! x4
A bag of meat comes into view. It is wielding a +9 war axe.
Unknown command.
You roll towards the large bag of meat! 2 bags of meat come into view. 3 bags of meat come into view.
The meat berserker appears out of thin air!
A meat berserker comes into view. It is wielding a +9 battleaxe.
The bag of meat shouts! x8; The meat berserker shouts!
You hear a shout! x9
A bag of meat comes into view. It is wielding a +9 war axe. x4
You hear a shout! x2
Unknown command.
You roll towards the large bag of meat! 2 meat berserkers come into view. 2 bags of meat come into view.
The bag of meat shouts! x5; The meat berserker shouts! x2; You hear a shout!
A bag of meat comes into view. It is wielding a +9 war axe.
The large bag of meat hits you with a +9 giant spiked club!!!!
Ouch! That really hurt!
The large bag of meat hits you with a +9 giant spiked club!!!!
Ouch! That really hurt!
You die...

....... .......
..Oo.#o#.....o.
..o.........O##
.o.o.o.o.......
....oo.o.......
........o.......
..o...oOo......
#......@# .
#.......# ...
.###.......###....
......###...O.....
......._).........
...#....)#.....o.
#_O<)_#Oo.....
#.....#......#
......_..........


You could see a large bag of meat (inner flame), 3 meat berserkers and 16 bags
of meat.

Vanquished Creatures
  An ogre (D)
  5 orcs (D)
6 creatures vanquished.

Notes
Turn   | Place    | Note
-------+----------+-------------------------------------------
     0 | D        | Found the +∞ Axe of Woe
     0 | D        | 123456 the Armataur Gladiator began the quest for the Orb.
     0 | D        | Reached XP level 1. HP: 18/18 MP: 1/1
     2 | D        | Noticed a bag of meat
     3 | D        | Noticed a bag of meat
     4 | D        | Became a worshipper of Makhleb the Destroyer
     4 | D        | Noticed a bag of meat
     5 | D        | Noticed a bag of meat
     7 | D        | Noticed a meat berserker
     8 | D        | Killed a meat berserker
     8 | D        | Killed a bag of meat
     8 | D        | Reached * piety under Makhleb
     8 | D        | Noticed a bag of meat
     9 | D        | Reached skill level 10 in Fighting
     9 | D        | Reached skill level 10 in Throwing
     9 | D        | Reached skill level 15 in Dodging
     9 | D        | Reached skill level 17 in Unarmed Combat
     9 | D        | Reached XP level 2. HP: 41/41 MP: 2/2
     9 | D        | Reached XP level 3. HP: 49/49 MP: 3/3
     9 | D        | Reached XP level 4. HP: 56/56 MP: 4/4
     9 | D        | Reached XP level 5. HP: 63/63 MP: 5/5
     9 | D        | Reached XP level 6. HP: 71/71 MP: 6/6
     9 | D        | Reached XP level 7. HP: 78/78 MP: 7/7
     9 | D        | Reached XP level 8. HP: 86/86 MP: 8/8
     9 | D        | Reached XP level 9. HP: 92/92 MP: 9/9
     9 | D        | Reached XP level 10. HP: 100/100 MP: 10/10
     9 | D        | Reached XP level 11. HP: 108/108 MP: 11/11
     9 | D        | Reached XP level 12. HP: 115/115 MP: 12/12
     9 | D        | Killed a bag of meat
     9 | D        | Killed a bag of meat
    10 | D        | Reached skill level 19 in Unarmed Combat
    10 | D        | Reached XP level 13. HP: 127/127 MP: 13/13
    10 | D        | Killed a bag of meat
    10 | D        | Reached ** piety under Makhleb
    11 | D        | Reached skill level 20 in Unarmed Combat
    11 | D        | Killed a bag of meat
    12 | D        | Reached skill level 10 in Axes
    12 | D        | Reached skill level 21 in Unarmed Combat
    12 | D        | Reached XP level 14. HP: 138/138 MP: 14/14
    13 | D        | Noticed a meat berserker
    13 | D        | Noticed a large bag of meat
    13 | D        | Noticed a meat berserker
    14 | D        | Noticed a bag of meat
    14 | D        | Noticed a bag of meat
    14 | D        | Noticed a bag of meat
    14 | D        | Noticed a bag of meat
    14 | D        | Noticed a bag of meat
    15 | D        | Noticed a bag of meat
    15 | D        | Noticed a bag of meat
    15 | D        | Noticed a bag of meat
    15 | D        | Noticed a bag of meat
    15 | D        | Noticed a bag of meat
    15 | D        | Noticed a meat berserker
    15 | D        | Noticed a bag of meat
    15 | D        | Noticed a bag of meat
    15 | D        | Noticed a bag of meat
    15 | D        | Noticed a bag of meat
    16 | D        | Noticed a meat berserker
    16 | D        | Noticed a meat berserker
    16 | D        | Noticed a bag of meat
    16 | D        | Noticed a bag of meat
    16 | D        | Noticed a bag of meat
    16 | D        | Annihilated by a large bag of meat

Illustrated notes

Levels and vault maps discovered:
D:        meatsprint

Skill      XL: |  1  2  3  4  5  6  7  8  9 10 11 12 13 |
---------------+----------------------------------------+-----
Fighting       | 10 12 13 | 13.3
Axes           | 6 8 10 | 10.1
Throwing       | 10 11 12 | 12.3
Dodging        | 15 17 18 | 18.5
Unarmed Combat | 17 19 21 | 21.2

Action                     |  1- 3 |  4- 6 |  7- 9 | 10-12 | 13-15 || total
---------------------------+-------+-------+-------+-------+-------++-------
  Melee: Executioner's axe |     1 |       |       |     1 |     2 ||     4
  Dodge: Dodged            |       |       |       |       |     1 ||     1

Table legend: (Time is in decaauts)
 A = Elapsed time spent in this place.
 B = Non-inter-level travel time spent in this place.
 C = Inter-level travel time spent in this place.
 D = Time resting spent in this place.
 E = Time spent auto-exploring this place.
 F = Levels seen in this place.
 G = Mean time per level.
                   A        B        C        D        E       F      G
               +--------+--------+--------+--------+--------+-----+--------+
         Total |     17 |     17 |      0 |      0 |      0 |   1 |   17.0 |
       Dungeon |     17 |     17 |      0 |      0 |      0 |   1 |   17.0 |
               +--------+--------+--------+--------+--------+-----+--------+

Top non-repeatable levels by time:
       D: 17 daAuts
